 Dungeon Crawl Stone Soup version 0.29.1-4-g47bece8355 (webtiles) character file.

Game seed: 14051193518673264122

187 GorkyZ the Shield-Bearer (level 5, 0/33 HPs)
             Began as a Gargoyle Fighter on Dec 11, 2022.
             Slain by a hobgoblin (3 damage)
             ... on level 3 of the Dungeon.
             The game lasted 00:08:22 (2760 turns).

GorkyZ the Shield-Bearer (Gargoyle Fighter)         Turns: 2760, Time: 00:08:26

Health: 0/33       AC: 14    Str: 21    XL:     5   Next: 66%
Magic:  5/5        EV:  9    Int:  9    God:
Gold:   130        SH:  9    Dex:  9    Spells: 4/4 levels left

rFire   . . .      SeeInvis .   s - +0 hand axe (flame)
rCold   . . .      Faith    .   c - +0 buckler
rNeg    + . .      Spirit   .   b - +0 scale mail
rPois   ∞          Reflect  +   y - +1 helmet
rElec   +          Harm     .   u - +0 cloak
rCorr   .          Rampage  .   (no gloves)
Will    .....                   (no boots)
Stlth   ..........              r - amulet of reflection
HPRegen 0.11/turn               (no ring)
MPRegen 0.09/turn               (no ring)

@: no status effects
A: sickness immunity, AC +4, negative energy resistance 1, electricity
resistance, torment resistance 1, petrification resistance
a: no special abilities


You were on level 3 of the Dungeon.
You visited 1 branch of the dungeon, and saw 3 of its levels.

You collected 130 gold pieces.

Inventory:

Hand Weapons
 a - a +0 war axe
 s - a +0 hand axe of flaming (weapon)
 z - a +0 morningstar
Armour
 b - a +0 scale mail (worn)
 c - a +0 buckler (worn)
 m - a +1 hat
 u - a +0 cloak (worn)
 v - a +0 helmet
 y - a +1 helmet (worn)
Jewellery
 r - an amulet of reflection (around neck)
Wands
 o - a wand of paralysis (7)
 x - a wand of flame (14)
Scrolls
 e - 2 scrolls of blinking {unknown}
 f - 2 scrolls of teleportation {unknown}
 h - 3 scrolls of identify {unknown}
 l - a scroll of fog {unknown}
 p - a scroll of immolation {unknown}
 q - a scroll of fear {unknown}
Potions
 d - a potion of might
 g - a potion of brilliance {unknown}
 i - a potion of lignification {unknown}
 j - a potion of magic {unknown}
 k - a potion of berserk rage {unknown}
 n - a potion of degeneration {unknown}
 t - a potion of curing {unknown}
 w - a potion of heal wounds {unknown}


   Skills:
 + Level 3.9 Fighting
 + Level 2.5 Axes
 + Level 1.4 Throwing
 + Level 4.0 Armour
 + Level 1.2 Dodging
 + Level 4.0 Shields
 + Level 1.5 Evocations


You had 4 spell levels left.
You didn't know any spells.
Your spell library contained the following spells:

 Spells                   Type           Power      Damage    Failure   Level
 Portal Projectile        Hex/Tloc       0%         N/A       99%         3
 Summon Guardian Golem    Hex/Summ       0%         N/A       99%         3
 Tukima's Dance           Hex            0%         N/A       99%         3
 Blade Hands              Tmut           0%         N/A       100%        5
 Orb of Destruction       Conj           0%         9d5       100%        7
 Spellforged Servitor     Conj/Summ      0%         N/A       100%        7


Dungeon Overview and Level Annotations

Branches:
Dungeon (3/15)

Altars:
Yredelemnul


Innate Abilities, Weirdness & Mutations

You are immune to sickness and miasma.
Your stone body is resilient. (AC +4)
You are immune to poison.
You resist negative energy. (rN+)
You are resistant to electric shocks. (rElec)
You are resistant to unholy torment.
You are immune to petrification.


Message History

The gnoll hits you from afar with a +0 halberd!
The gnoll hits you with a +0 spear! The gnoll hits you but does no damage.
You block the gnoll's attack. The kobold completely misses you.
You hit the gnoll. You burn the gnoll.
The gnoll is moderately wounded.
You hit the gnoll but do no damage. You hit the kobold. You burn the kobold.
The gnoll hits you but does no damage. The kobold hits you with a +0 dagger.
You block the gnoll's attack. The gnoll hits you but does no damage.
You hit the gnoll. You burn the gnoll.
The gnoll is heavily wounded.
You hit the gnoll but do no damage. You hit the kobold. You burn the kobold.
You kill the kobold!
The gnoll closely misses you. You block the gnoll's attack.
The gnoll barely misses you.
You barely miss the hobgoblin. You hit the gnoll. You burn the gnoll.
You barely miss the gnoll. You block the gnoll's attack.
You block the hobgoblin's attack. The gnoll hits you but does no damage.
The gnoll closely misses you.
You slash the hobgoblin! You burn the hobgoblin.
You kill the hobgoblin!
You hit the gnoll. You burn the gnoll.
You kill the gnoll!
You closely miss the gnoll. The gnoll hits you with a +0 club.
The hobgoblin shoots a sling bullet.
You reflect the sling bullet off an invisible shield around you!
The sling bullet hits the hobgoblin.
The gnoll hits you but does no damage.
The kobold throws a stone.
The stone closely misses you. The gnoll hits you with a +0 club.
* * * LOW HITPOINT WARNING * * *
The gnoll barely misses you. The kobold completely misses you.
Things that are here:
a +0 dagger; 7 poisoned darts; 31 gold pieces You hit the gnoll.
You burn the gnoll.
The gnoll is moderately wounded.
You closely miss the kobold. You closely miss the hobgoblin. You hit the gnoll.
You burn the gnoll. You hit the hobgoblin but do no damage.
The gnoll hits you with a +0 club.
* * * LOW HITPOINT WARNING * * *
The hobgoblin unwields a +0 sling.
The hobgoblin hits you.
You die...

.........................
.........................
~~.~~~..~~~~.~~~.~...~.~
≈~~~~~~≈~~~~~~~≈~~~~~~~~
≈~≈≈≈≈≈≈≈≈≈~≈≈≈≈≈≈≈≈≈≈≈
#≈≈≈≈≈≈≈≈~≈≈≈≈≈≈≈≈≈≈≈≈
######################
#...Kg)).?.....#
#..Kg@).)......+
#..ggg.........#######
......########..........
...... #.......... .....
#.......... '##..
.......####### #.
.......+ #. ........#
#########


You could see 3 gnolls, 2 hobgoblins and 2 kobolds.

Vanquished Creatures
  Jessica (D:2)
  Natasha (twice) (D:2)
  Robin (D:2)
  2 adders (D:2)
  A gnoll (D:3)
  A worm (D:2)
  5 endoplasms
  13 hobgoblins
  2 jackals (D:1)
  2 quokkas (D:1)
  9 ball pythons
  3 bats
  7 frilled lizards
  15 goblins
  A kobold (D:3)
  3 rats
68 creatures vanquished.

Notes
Turn   | Place    | Note
-------+----------+-------------------------------------------
     0 | D:1      | GorkyZ the Gargoyle Fighter began the quest for the Orb.
     0 | D:1      | Reached XP level 1. HP: 14/14 MP: 1/1
   121 | D:1      | Reached XP level 2. HP: 14/19 MP: 2/2
   518 | D:1      | Found a faded altar of an unknown god.
  1141 | D:2      | Noticed Jessica
  1153 | D:2      | Killed Jessica
  1154 | D:2      | Reached XP level 3. HP: 9/23 MP: 3/3
  1508 | D:2      | Reached skill level 1 in Throwing
  1508 | D:2      | Reached XP level 4. HP: 28/28 MP: 4/4
  1609 | D:2      | Found a basalt altar of Yredelemnul.
  1624 | D:2      | Reached skill level 1 in Evocations
  1889 | D:2      | Noticed Natasha
  1902 | D:2      | Killed Natasha
  1903 | D:2      | Reached skill level 1 in Dodging
  2238 | D:2      | Noticed Robin
  2252 | D:2      | Killed Robin
  2253 | D:2      | Reached XP level 5. HP: 9/33 MP: 5/5
  2454 | D:2      | Noticed Natasha
  2462 | D:2      | Killed Natasha
  2760 | D:3      | Slain by a hobgoblin

Illustrated notes

Levels and vault maps discovered:
D:1:      minmay_arrival_open_corners, layout_basic,
          ebering_ecumenical_altar_hall, corexii_item_surrounded_by_moat
D:2:      layout_loops_ring, basic_altar, minmay_ruptured, uniq_jessica,
          uniq_robin, uniq_natasha
D:3:      minmay_goblin_kobold_castle, layout_rooms,
          gammafunk_temple_overflow_statue, serial_shops,
          nicolae_shop_bloodbath_and_beyond

Skill      XL: |  1  2  3  4  5 |
---------------+----------------+-----
Axes           | 2 |  2.5
Throwing       | 1 |  1.4
Evocations     | 1 |  1.5
Dodging        | 1 |  1.2
Shields        | 4 |  4.0
Armour         | 4 |  4.0
Fighting       | |  3.9

Action                   |  1- 3 |  4- 6 || total
-------------------------+-------+-------++-------
Melee: War axe           |    98 |    11 ||   109
       Hand axe          |       |    92 ||    92
       Unarmed           |       |     1 ||     1
Armor: Scale mail        |    66 |    42 ||   108
Dodge: Dodged            |    53 |    38 ||    91
Block: Buckler           |    19 |    60 ||    79
       Reflection        |       |     9 ||     9
